Kradschützen Motorcycle Team
Construct Light Support Kompanie
Panzerjäger Mechanized Group
Construct Mechanized Kompanie
254 Reconnaissance Tractor
Marder III Tank Destroyer
Selects Italian Combined Arms Battlegroup
Selects Semovente da 75/18 Assault Gun
Construct Panzerarmee Kommand
Selects Bersaglieri Squad
Selects Vehicle Support - Secure Location
18-tonne Recovery Half-track
Walking Stuka Rocket Launcher